 Dungeon Crawl Stone Soup version 0.26-a0-1205-g4083c211ab (webtiles) character file.

Game seed: 15364651655088460161

35 voltaire321 the Sneak (level 3, 0/30 HPs)
             Began as a Merfolk Wanderer on Dec 30, 2020.
             Slain by an adder (3 damage)
             ... on level 2 of the Dungeon.
             The game lasted 00:03:07 (1094 turns).

voltaire321 the Sneak (Merfolk Wanderer)            Turns: 1094, Time: 00:03:07

Health: 0/30       AC:  3    Str: 13    XL:     3   Next: 33%
Magic:  3/3        EV: 13    Int:  9    God:
Gold:   45         SH:  0    Dex: 15    Spells: 2/2 levels left

rFire    . . .     SeeInvis .   a - +2 dagger
rCold    . . .     Faith    .   (no shield)
rNeg     . . .     Spirit   .   f - +0 robe
rPois    .         Reflect  .   j - +0 helmet
rElec    .         Harm     .   (no cloak)
rCorr    .         Rampage  .   (no gloves)
Will     .....                  (no boots)
Stlth    +++.......             (no amulet)
HPRegen  0.10/turn              (no ring)
MPRegen  0.08/turn              (no ring)

@: no status effects
A: change form in water, swift swim, stealthy swim
a: no special abilities


You were on level 2 of the Dungeon.
You visited 1 branch of the dungeon, and saw 2 of its levels.

You collected 45 gold pieces.

Inventory:

Hand Weapons
 a - a +2 dagger (weapon)
 d - a +0 hand crossbow
Missiles
 e - 29 bolts
Armour
 f - a +0 robe (worn)
 j - a +0 helmet (worn)
Jewellery
 g - an uncursed ring of willpower {unknown}
Scrolls
 h - 4 scrolls of identify {unknown}
 k - a scroll of remove curse {unknown}
 m - a scroll of blinking {unknown}
 n - a scroll of noise {unknown}
Potions
 b - a potion of haste
 c - 2 potions of lignification
 i - a potion of ambrosia {unknown}
 l - a potion of flight {unknown}
 o - a potion of curing {unknown}


   Skills:
 + Level 3.7 Fighting
 - Level 1.5 Polearms
 + Level 1.5 Crossbows
 + Level 2.3 Dodging
 + Level 4.7 Stealth


You had 2 spell levels left.
You didn't know any spells.
Your spell library was empty.

Dungeon Overview and Level Annotations

Branches:
Dungeon (2/15)

Altars:


Message History

The jackal bites you but does no damage.
The jackal closely misses you. The jackal misses you. x2
The bat misses you. The jackal barely misses you.
The jackal bites you but does no damage.
The jackal closely misses you. The jackal barely misses you.
The adder hisses angrily.
The bat misses you. The jackal bites you.
* * * LOW HITPOINT WARNING * * *
The jackal closely misses you. The jackal barely misses you.
The jackal closely misses you. The jackal barely misses you.
The jackal bites you.
* * * LOW HITPOINT WARNING * * *
The jackal barely misses you.
The jackal bites you but does no damage.
The adder bites you but does no damage. The jackal completely misses you.
The jackal bites you but does no damage.
The jackal bites you.
* * * LOW HITPOINT WARNING * * *
The adder bites you.
You die...

...# ...# ##.#
##.##################
................h....#+#
#....########.###.......
#....# #.# .....
#.<..########.####......
'..............h@.......
#....######.#..hhS.....#
#....# ...#...b.....##
###### ### #.###....##
#.. .....# #.# .##..#
#.# .# ..# #. .. .#


You could see an adder, 3 jackals and a bat.

Vanquished Creatures
  An ooze (D:1)
  An adder zombie (D:1)
  A dart slug (D:1)
  2 giant cockroaches (D:1)
  2 hobgoblins (D:1)
  2 jackals (D:1)
  A ball python (D:1)
  4 bats
  A frilled lizard (D:1)
  2 goblins (D:1)
  5 kobolds (D:1)
  A leopard gecko zombie (D:1)
  6 rats (D:1)
29 creatures vanquished.

Notes
Turn   | Place    | Note
-------+----------+-------------------------------------------
     0 | D:1      | voltaire321 the Merfolk Wanderer began the quest for the
                  | Orb.
     0 | D:1      | voltaire321 set off with the following items: a +2 dagger,
                  | a potion of haste, a potion of lignification, a +0 hand
                  | crossbow, 29 bolts, a +0 robe
     0 | D:1      | Reached XP level 1. HP: 18/18 MP: 1/1
   169 | D:1      | Reached XP level 2. HP: 23/24 MP: 2/2
   419 | D:1      | Reached XP level 3. HP: 29/29 MP: 3/3
  1094 | D:2      | Slain by an adder

Illustrated notes

Levels and vault maps discovered:
D:1:      saegor_arrival_fortress, layout_basic, minmay_hedge_maze,
          minmay_tall_x
D:2:      layout_basic, chequers_ecumenical_altar_grove,
          hangedman_decor_riveting, uniq_terence, uniq_jessica

Skill      XL: |  1  2 |
---------------+-------+-----
Dodging        | 2 |  2.3
Fighting       | |  3.7
Polearms       | |  1.5
Crossbows      | |  1.5
Stealth        | |  4.7

Action                   || total
-------------------------++-------
Melee: Dagger            ||    76
 Stab: Sleeping          ||     3
Armor: Robe              ||    38
Dodge: Dodged            ||   118

Table legend: (Time is in decaauts)
 A = Elapsed time spent in this place.
 B = Non-inter-level travel time spent in this place.
 C = Inter-level travel time spent in this place.
 D = Time resting spent in this place.
 E = Time spent auto-exploring this place.
 F = Levels seen in this place.
 G = Mean time per level.
                   A        B        C        D        E       F      G
               +--------+--------+--------+--------+--------+-----+--------+
         Total |   1083 |   1068 |     15 |     88 |    617 |   2 |  541.5 |
       Dungeon |   1083 |   1068 |     15 |     88 |    617 |   2 |  541.5 |
               +--------+--------+--------+--------+--------+-----+--------+

Top non-repeatable levels by time:
     D:1: 1009 daAuts
     D:2: 73 daAuts
